 Dungeon Crawl Stone Soup version 0.32-a0-485-g70f7560b1c (webtiles) character file.

Game seed: 16698310090407906955

1679 ezpacito the Trooper (level 8, -5/62 HPs)
             Began as a Demonspawn Chaos Knight on Feb 26, 2024.
             Was a Plaything of Xom.
             Killed by divine providence
             ... invoked by Jeremiah
              (15 damage)
             ... on level 6 of the Dungeon.
             The game lasted 00:09:02 (6181 turns).

ezpacito the Trooper (Demonspawn Chaos Knight)      Turns: 6181, Time: 00:09:03

Health: -5/62      AC: 15    Str: 14    XL:     8   Next: 70%
Magic:  11/11      EV:  7    Int: 19    God:    Xom [.*....]
Gold:   231        SH:  0    Dex: 13    Spells: 11/11 levels left

rFire   . . .        a - +1 hand axe (chaos)
rCold   . . .        (no shield)
rNeg    . . .        n - +1 plate armour
rPois   +            (helmet restricted)
rElec   .            q - +0 cloak
rCorr   .            l - +0 pair of gloves
SInv    .            (no boots)
Will    .....        (no amulet) Stlth
                     p - ring of poison resistance
HPRegen 0.30/turn    C - +6 ring of intelligence
MPRegen 0.12/turn

%: no passive effects
@: no status effects
A: antennae 2, repulsion field 1, ignite blood 1, powered by death 1, camouflage
1, mutation resistance 1
a: Renounce Religion


You were on level 6 of the Dungeon.
You worshipped Xom.
You were a plaything of Xom.
You visited 1 branch of the dungeon, and saw 6 of its levels.
You also visited: Sewer.

You collected 231 gold pieces.

Inventory:

Hand Weapons
 a - a +1 hand axe of chaos (weapon)
Missiles
 e - 29 poisoned darts (quivered)
Armour
 l - a +0 pair of gloves (worn)
 n - a +1 plate armour (worn)
 q - a +0 cloak (worn)
Magical Staves
 o - a staff of conjuration
Jewellery
 p - a ring of poison resistance (left hand)
 C - a +6 ring of intelligence (right hand)
Talismans
 b - a blade talisman
 r - a beast talisman
Wands
 t - a wand of iceblast (8)
 v - a wand of polymorph (11)
Scrolls
 d - 3 scrolls of teleportation
 f - a scroll of enchant armour
 h - a scroll of enchant weapon
 i - a scroll of silence
 j - a scroll of brand weapon {unknown}
 k - 3 scrolls of torment
 w - a scroll of amnesia {unknown}
 y - 3 scrolls of revelation {unknown}
 A - a scroll of noise {unknown}
Potions
 c - a potion of degeneration {unknown}
 g - a potion of enlightenment {unknown}
 m - 2 potions of mutation
 s - 3 potions of lignification {unknown}
 x - a potion of might {unknown}
 z - 2 potions of magic {unknown}
 B - a potion of experience {unknown}


   Skills:
 * Level 5.1 Fighting
 * Level 4.7(5.0) Axes
 + Level 2.1(3.7) Polearms
 * Level 4.1 Armour
 * Level 4.0 Dodging
 + Level 2.2 Stealth
 * Level 3.5 Unarmed Combat
 + Level 2.3 Spellcasting
 + Level 2.0 Conjurations
 + Level 1.8 Evocations


You had 11 spell levels left.
You didn't know any spells.
Your spell library contained the following spells:

 Spells                   Type           Power      Damage    Failure   Level
 Kiss of Death            Conj/Necr      24%        2d7       100%        1
 Jinxbite                 Hex            4%         N/A       100%        2
 Mercury Vapours          Alch/Air       4%         N/A       100%        2
 Scorch                   Fire           4%         2d5       100%        2
 Confusing Touch          Hex            2%         N/A       100%        3
 Mephitic Cloud           Conj/Alch/Air  4%         N/A       100%        3
 Dispel Undead            Necr           2%         3d7       100%        4
 Flame Wave               Conj/Fire      6%         2d5       100%        4
 Freezing Cloud           Conj/Ice/Air   2%         6-21      100%        5
 Yara's Violent Unravell  Hex/Alch       1%         3d3       100%        5
 Summon Cactus Giant      Summ           1%         N/A       100%        6
 Enfeeble                 Hex            1%         N/A       100%        7


Dungeon Overview and Level Annotations

Branches:
Dungeon (6/15)              Sewer (visited)
 Temple: D:4-7

Altars:
Ashenzari
Makhleb
Nemelex Xobeh
Xom

Annotations:
D:6 Jeremiah


Innate Abilities, Weirdness & Mutations

You have a pair of antennae on your head.
You are surrounded by a mild repulsion field. (EV +2)
Your demonic aura sometimes causes spilled blood to erupt in flames.
You regenerate a little health from kills.
Your skin changes colour to match your surroundings (Stealth+).
You are somewhat resistant to further mutation.


Message History

The ogre barely misses you.
Aiming: Iceblast
Press: ? - help, Shift-Dir - straight line, f - butterfly
Aim: a butterfly (summoned)
The mass of ice explodes!
The iceblast engulfs the butterfly!
You kill the butterfly!
The butterfly disappears in a burst of colours!
The iceblast engulfs Jeremiah!
Jeremiah is severely wounded.
The iceblast engulfs the ogre!
You kill the ogre!
Jeremiah hits you from afar with a +2 trident of draining.
* * * LOW HITPOINT WARNING * * *
You feel drained.
* * * LOW HITPOINT WARNING * * *
Your life force feels restored.
Your Dodging skill increases to level 4!
The butterfly disappears in a burst of colours!
Jeremiah hops!
Unknown command.
Aiming: Iceblast
Press: ? - help, Shift-Dir - straight line Out of range.
Okay, then.
The butterfly disappears in a burst of colours!
Jeremiah hops!
Xom grants you insight.
You detect creatures!
You are now a plaything of Xom.
Aiming: Iceblast
Press: ? - help, Shift-Dir - straight line, f - butterfly
Aim: a butterfly (summoned) Out of range.
Okay, then.
The butterfly disappears in a burst of colours!
Jeremiah throws their arms up pleadingly.
Something smites you!
You die...
Jeremiah asks, "What happened?
Did... did you die?"
Xom guffaws!

###### #....##
#.....#######
###............
###.....##....###
##...#...##.##..[#
#..########..###.#
#.##.####.## ##.###.#
....$....@# #..##.#
.###b.)b..# ##......
#.b.....b... #..#....
.......b.b..... #.##.##..
......b..b###...#.##.⌠.##.
#....!b..bF ...# ##.####
#....bbb..#. ... .#.#.#
..........##.... # #.⌠.
#.. #.#.#


You could see Jeremiah.

Vanquished Creatures
  Sigmund (D:2)
  2 water moccasins
  2 ogres
  3 kobold brigands (Sewer)
  A bullfrog (D:6)
  2 scorpions
  A howler monkey (D:5)
  A bombardier beetle (D:5)
  3 hounds
  A jelly (D:6)
  An orc priest (D:3)
  A sleepcap (D:5)
  4 iguanas
  Terence (D:3)
  An orc wizard (D:3)
  2 gnolls (D:5)
  9 adders
  A shadow imp (D:6)
  An ufetubus (D:5)
  A dart slug (D:1)
  11 orcs
  10 endoplasms
  9 giant cockroaches
  5 goblins
  10 hobgoblins
  6 jackals (D:2)
  20 kobolds
  5 quokkas
  7 ball pythons
  10 bats
  4 frilled lizards
  10 rats
146 creatures vanquished.

Vanquished Creatures (collateral kills)
  An ogre (D:5)
  An ufetubus (D:5)
  A ribbon worm (D:5)
  2 orcs (D:5)
  2 giant cockroaches (D:5)
7 creatures vanquished.

Grand Total: 153 creatures vanquished

Notes
Turn   | Place    | Note
-------+----------+-------------------------------------------
     0 | D:1      | ezpacito the Demonspawn Chaos Knight began the quest for
                  | the Orb.
     0 | D:1      | Reached XP level 1. HP: 18/18 MP: 1/1
    30 | D:1      | XOM: silly message
    64 | D:1      | Reached skill level 1 in Dodging
   113 | D:1      | Gained mutation: Your demonic aura sometimes causes spilled
                  | blood to erupt in flames. [demonic ancestry]
   113 | D:1      | Reached XP level 2. HP: 21/24 MP: 2/2
   806 | D:1      | XOM: noise
   910 | D:2      | Gained mutation: You are surrounded by a mild repulsion
                  | field. (EV +2) [demonic ancestry]
   910 | D:2      | Reached XP level 3. HP: 22/29 MP: 3/3
  1128 | D:2      | Found a faded altar of an unknown god.
  1131 | D:2      | XOM: divination: magic mapping
  1178 | D:2      | Noticed Sigmund
  1182 | D:2      | XOM: scenery: create altars
  1189 | D:2      | Killed Sigmund
  1190 | D:2      | Reached skill level 1 in Stealth
  1190 | D:2      | Reached skill level 1 in Unarmed Combat
  1190 | D:2      | Reached skill level 1 in Spellcasting
  1190 | D:2      | Reached XP level 4. HP: 13/36 MP: 3/5
  1190 | D:2      | Gained mutation: You have a pair of small antennae on your
                  | head. [demonic ancestry]
  1190 | D:2      | Reached XP level 5. HP: 15/41 MP: 3/6
  1337 | D:2      | XOM: fog
  1386 | D:2      | XOM: polymorph endoplasm -> giant cockroach
  1538 | D:2      | XOM: divination: detect creatures
  1855 | D:3      | Reached XP level 6. HP: 47/48 MP: 7/7
  1894 | D:3      | XOM: potion effect (brilliance)
  1901 | D:3      | XOM: stat loss: -1 Str (13/14)
  1905 | D:3      | Reached skill level 1 in Polearms
  2516 | D:3      | Found a burning altar of Makhleb.
  2516 | D:3      | XOM: 9-stop teleportation journey
  2525 | D:3      | Noticed Terence
  2580 | D:3      | XOM: divination: detect creatures
  2597 | D:3      | Killed Terence
  2649 | D:3      | Found a broken altar of Ashenzari.
  2853 | D:3      | XOM: silly message
  3110 | D:4      | XOM: scenery: create altars
  3289 | D:4      | XOM: smoke on damage
  3290 | D:4      | Reached skill level 4 in Fighting
  3566 | D:4      | XOM: fog
  3567 | D:4      | XOM: chaos upgrade
  3573 | D:4      | Gained mutation: You have a pair of antennae on your head.
                  | [demonic ancestry]
  3573 | D:4      | Reached XP level 7. HP: 25/54 MP: 3/9
  3586 | D:4      | XOM: summons 4 hostile demons
  4166 | D:5      | XOM: noise
  4166 | D:5      | Entered Level 5 of the Dungeon
  4176 | D:5      | XOM: blink monster(s)
  4240 | D:5      | XOM: divination: detect items
  4250 | D:5      | Reached skill level 1 in Conjurations
  4250 | D:5      | Reached skill level 1 in Evocations
  4363 | D:5      | Found a glowing drain.
  4439 | Sewer    | Entered a sewer
  4728 | Sewer    | Gained mutation: You regenerate a little health from kills.
                  | [demonic ancestry]
  4728 | Sewer    | Reached XP level 8. HP: 37/61 MP: 10/10
  5112 | D:5      | Found a sparkling altar of Nemelex Xobeh.
  5121 | D:5      | XOM: silly message
  5500 | D:5      | XOM: summons 5 hostile demons
  5501 | D:5      | Noticed a rust devil
  5559 | D:5      | XOM: give mutation
  5559 | D:5      | Gained mutation: You do not regenerate when monsters are
                  | visible. [Xom's mischief]
  5657 | D:5      | XOM: draining
  5709 | D:5      | Lost mutation: You do not regenerate when monsters are
                  | visible. [potion of mutation]
  5709 | D:5      | Gained mutation: You are somewhat resistant to further
                  | mutation. [potion of mutation]
  5709 | D:5      | Gained mutation: Your skin changes colour to match your
                  | surroundings (Stealth+). [potion of mutation]
  5798 | D:6      | Reached skill level 5 in Fighting
  6170 | D:6      | Noticed Jeremiah
  6179 | D:6      | XOM: divination: detect creatures
  6181 | D:6      | Killed from afar by Jeremiah

Illustrated notes

Levels and vault maps discovered:
D:1:      nzn_arrival_crosshair, layout_loops_ring, minmay_surrounded
D:2:      layout_basic, dreamdust_ecumenical_altar_angels_and_demons,
          minmay_unequal, uniq_sigmund
D:3:      layout_basic, mainiacjoe_overflow_two_lobes, serial_forest,
          infiniplex_forest_lined_room_2, infiniplex_forest_straight_2,
          infiniplex_forest_fountain, infiniplex_forest_corner_2,
          infiniplex_forest_lined_2, corner_web_ring, kennysheep_crisscross,
          uniq_terence
D:4:      layout_basic, kennysheep_pointless_box
D:5:      minmay_opposing_rooms, layout_basic, nemelex_altar_shiori,
          serial_glass, glass_columns_b, glass_columns_b, portal_sewer_entry_a,
          kennysheep_generic_room_7
D:6:      layout_rooms, minmay_temple_entry_waves, grunt_decor_mini_mirrors,
          uniq_jeremiah

Skill      XL: |  1  2  3  4  5  6  7  8 |
---------------+-------------------------+-----
Dodging        | 1 2 3 4 |  4.0
Armour         | 2 3 4 |  4.1
Axes           | 3 4 |  4.7
Stealth        | 1 2 |  2.2
Unarmed Combat | 1 2 3 |  3.5
Spellcasting   | 1 2 |  2.3
Polearms       | 1 2 |  2.1
Fighting       | 4 5 |  5.1
Conjurations   | 1 2 |  2.0
Evocations     | 1 |  1.8

Action                     |  1- 3 |  4- 6 |  7- 9 || total
---------------------------+-------+-------+-------++-------
  Melee: Hand axe          |    87 |   192 |   244 ||   523
  Evoke: Wand              |       |       |     3 ||     3
    Use: Scroll            |       |     3 |    11 ||    14
         Potion            |       |     2 |     8 ||    10
   Stab: Sleeping          |     1 |       |       ||     1
         Distracted        |       |     1 |       ||     1
         Confused          |       |     1 |       ||     1
         Invisible         |       |       |     4 ||     4
         Paralysed         |       |       |     1 ||     1
 Armour: Leather armour    |    32 |       |       ||    32
         Plate armour      |    42 |   161 |   314 ||   517
  Dodge: Dodged            |    32 |    66 |   118 ||   216

Table legend: (Time is in decaauts)
 A = Elapsed time spent in this place.
 B = Non-inter-level travel time spent in this place.
 C = Inter-level travel time spent in this place.
 D = Time resting spent in this place.
 E = Time spent auto-exploring this place.
 F = Levels seen in this place.
 G = Mean time per level.
                   A        B        C        D        E       F      G
               +--------+--------+--------+--------+--------+-----+--------+
         Total |   6263 |   5941 |    322 |    190 |   4331 |   7 |  894.7 |
       Dungeon |   5842 |   5520 |    322 |    190 |   4070 |   6 |  973.7 |
         Sewer |    420 |    420 |      0 |      0 |    261 |   1 |  420.0 |
               +--------+--------+--------+--------+--------+-----+--------+

Top non-repeatable levels by time:
     D:5: 1376 daAuts
     D:4: 1302 daAuts
     D:3: 1048 daAuts
     D:2: 1006 daAuts
     D:1: 847 daAuts
   Sewer: 420 daAuts
     D:6: 261 daAuts
